 Dungeon Crawl Stone Soup version 0.14-a0-2644-gcc8e764 (webtiles) character file.

421 Neoxx the Ruffian (level 6, -2/53 HPs)
             Began as a Troll Wizard on Feb 16, 2014.
             Killed from afar by Sigmund (9 damage)
             ... with a puff of flame
             ... on Level 4 of the Dungeon.
             The game lasted 00:05:50 (2771 turns).

Neoxx the Ruffian (Troll Wizard)                    Turns: 2771, Time: 00:05:50

HP  -2/53        AC  5     Str 16      XL: 6   Next: 11%
MP   7/7         EV  9     Int 17      God:
Gold 127         SH  0     Dex 10      Spells:  1 memorised,  8 levels left

rFire  . . .     SeeInvis .       - Unarmed
rCold  . . .     Clarity  .     a - +0 robe
rNeg   . . .     Conserve .     (shield restricted)
rPois  .         rCorr    .     b - +0 hat
rElec  .         rRot     .     (no cloak)
SustAb . .       Spirit   .     (gloves unavailable)
rMut   .         Warding  .     (boots unavailable)
Gourm  +         Stasis   .     o - amulet of the gourmand
MR     .....                    (no ring)
                                (no ring)

@: brilliant, not resistant to hostile enchantments, unstealthy
A: unfitting armour, claws 3, hooves 1, dopey 1, fast metabolism 3, gourmand,
regeneration 2, saprovore 2, shaggy fur 1, tough skin 2, wild magic 1
a: no special abilities


You were on level 4 of the Dungeon.
You were completely stuffed.

You visited 1 branch of the dungeon, and saw 4 of its levels.

You collected 127 gold pieces.

Inventory:

Missiles
 e - 23 stones (quivered)
 t - 9 poisoned needles
Armour
 a - a +0 robe (worn)
 b - a +0 hat (worn)
Comestibles
 d - 3 meat rations
 f - an apricot
 j - a choko
 q - a chunk of hound flesh
 x - 2 chunks of hound flesh
 A - 4 chunks of orc flesh
 D - a bread ration
Scrolls
 g - a scroll of remove curse {unknown}
 i - a scroll of random uselessness {unknown}
 k - 3 scrolls of identify {unknown}
 n - 3 scrolls of amnesia {unknown}
 s - a scroll of noise {unknown}
 w - a scroll of enchant armour {unknown}
 y - a scroll of immolation {unknown}
 B - a scroll of enchant weapon I {unknown}
 F - a scroll of magic mapping {unknown}
Jewellery
 o - an amulet of the gourmand (around neck)
Potions
 m - a potion of magic
 r - a potion of heal wounds {unknown}
 u - a potion of restore abilities {unknown}
 z - a potion of degeneration {unknown}
 C - a potion of poison {unknown}
Books
 c - a book of Minor Magic

   Spells                             Type                      Level
   *Magic Dart                        Conjuration                  1
   Blink                              Translocation                2
   Call Imp                           Summoning                    2
   Repel Missiles                     Charms/Air                   2
   Slow                               Hexes                        2
   Conjure Flame                      Conjuration/Fire             3
   Mephitic Cloud                     Conjuration/Poison/Air       3
 p - a book of Summonings

   Spells                             Type                      Level
   Abjuration                         Summoning                    3
   Recall                             Summoning/Translocation      3
   Summon Elemental                   Summoning                    4
   Shadow Creatures                   Summoning                    5
   Summon Demon                       Summoning                    5
   Summon Ugly Thing                  Summoning                    6
 E - a book of Wizardry

   Spells                             Type                      Level
   Summon Elemental                   Summoning                    4
   Agony                              Necromancy                   5
   Force Lance                        Conjuration                  5
   Fireball                           Conjuration/Fire             5
   Haste                              Charms                       6
   Invisibility                       Hexes                        6


   Skills:
 - Level 1.5 Dodging
 - Level 1.1 Stealth
 + Level 6.0 Unarmed Combat
 - Level 2.0 Spellcasting
 - Level 0.6 Conjurations
   Level 0.6 Summonings
   Level 0.6 Translocations


You had 8 spell levels left.
You knew the following spells:

 Your Spells              Type           Power        Failure   Level  Hunger
a - Magic Dart            Conj           ###.         3%          1    #......


Dungeon Overview and Level Annotations

Branches:
Dungeon (4/16)
 Temple: D:4-7

Altars:
Kikubaaqudgha
Nemelex Xobeh
Okawaru

Annotations:
D:4 Sigmund


Innate Abilities, Weirdness & Mutations

You are too large for most types of armour.
You have claws for hands.
Your metabolism is lightning-fast.
You like to eat raw meat.
You heal very quickly.
You can eat rotten meat.
You are covered in fur (AC +1).
You have very tough skin (AC +2).
You have large cloven feet.
You are dopey. (Int -2)
Your spells are a little harder to cast, but a little more powerful.


Message History

You closely miss something.
You hear some strange, mumbled words.
The magic dart hits you!
You barely miss something. Something hits you!
* * * LOW HITPOINT WARNING * * *
You hit something but do no damage.
Drink which item? (? for menu, Esc to quit)
Magic courses through your body.
It was a potion of magic.
Something hits you.
* * * LOW HITPOINT WARNING * * *
Drink which item? (? for menu, Esc to quit)
You feel extremely strange.
Your feet thicken and deform.
You feel less in control of your magic.
You feel stupid.
It was a potion of mutation.
Drink which item? (? for menu, Esc to quit)
You feel clever all of a sudden.
It was a potion of brilliance.
You hear some strange, mumbled words.
The puff of flame hits you!
You die...

... ..o.....
......)........#
#...............##
#................
#......#........#
##......#........######
#............>.........
#.......#...........)..
#.....@.#......(.......
##........##............
...........##.#####......
..........).............
.................)).....
......<............>....
.........##(##.........
........##.##.#(#.....
.##....##.##.#(#.....


There were no monsters in sight!

Vanquished Creatures
  2 hounds (D:4)
  An orc wizard (D:3)
  Terence (D:3)
  5 gnolls
  4 adders
  4 worms
  5 giant geckos
  3 oozes
  12 orcs
  4 bats
  9 hobgoblins
  3 quokkas
  A giant cockroach (D:3)
  3 giant newts (D:3)
  10 goblins
  5 kobolds
  11 rats
83 creatures vanquished.

Notes
Turn   | Place    | Note
--------------------------------------------------------------
     0 | D:1      | Neoxx, the Troll Wizard, began the quest for the Orb.
     0 | D:1      | Reached XP level 1. HP: 16/16 MP: 3/3
    52 | D:1      | Reached skill level 1 in Unarmed Combat
   124 | D:1      | Reached XP level 2. HP: 21/24 MP: 3/3
   452 | D:1      | Found a sparkling altar of Nemelex Xobeh.
   724 | D:1      | Reached XP level 3. HP: 21/31 MP: 5/5
   861 | D:2      | Reached skill level 3 in Unarmed Combat
  1167 | D:2      | Found an iron altar of Okawaru.
  1212 | D:2      | Reached XP level 4. HP: 39/39 MP: 5/5
  1297 | D:2      | Reached skill level 4 in Unarmed Combat
  1589 | D:3      | Noticed Terence
  1598 | D:3      | Killed Terence
  1598 | D:3      | Reached XP level 5. HP: 45/45 MP: 6/6
  1841 | D:3      | Reached skill level 5 in Unarmed Combat
  2577 | D:4      | Found an ancient bone altar of Kikubaaqudgha.
  2669 | D:4      | Reached XP level 6. HP: 18/53 MP: 7/7
  2680 | D:4      | Reached skill level 6 in Unarmed Combat
  2756 | D:4      | Noticed Sigmund
  2770 | D:4      | Gained mutation: You have large cloven feet. [potion of mutation]
  2770 | D:4      | Gained mutation: Your spells are a little harder to cast, but a little more powerful. [potion of mutation]
  2770 | D:4      | Gained mutation: You are dopey. (Int -2) [potion of mutation]
  2771 | D:4      | Killed from afar by Sigmund

Action                   |  1- 3 |  4- 6 || total
-------------------------+-------+-------++-------
Melee: Unarmed           |   102 |   196 ||   298
  Use: Potion            |       |     3 ||     3
 Stab: Sleeping          |       |     1 ||     1
